 Dungeon Crawl Stone Soup version 0.30-a0-937-ga0a21ad780 (webtiles) character file.

Game seed: 13760662162294589907

18 voltaire321 the Sneak (level 2, 23/23 HPs)
             Began as a Merfolk Brigand on Mar 24, 2023.
             Quit the game on level 1 of the Dungeon.
             The game lasted 00:02:00 (574 turns).

voltaire321 the Sneak (Merfolk Brigand)              Turns: 574, Time: 00:02:00

Health: 23/23      AC:  3    Str: 11    XL:     2   Next: 70%
Magic:  2/2        EV: 12    Int: 10    God:
Gold:   24         SH:  0    Dex: 15    Spells: 1/1 levels left

rFire   . . .      SeeInvis .    a - +2 dagger
rCold   . . .      Faith    .    (no shield)
rNeg    . . .      Spirit   .    b - +0 robe
rPois   .          Reflect  .    (no helmet)
rElec   .          Rampage  .    c - +0 cloak
rCorr   .                        (no gloves)
Will    .....                    (no boots)
Stlth   +++                      (no amulet)
HPRegen 0.23/turn                (no ring)
MPRegen 0.08/turn                (no ring)

@: no status effects
A: (nimble swimmer 2), mertail
a: no special abilities


You were on level 1 of the Dungeon.
You visited 1 branch of the dungeon, and saw 1 of its levels.

You collected 24 gold pieces.

Inventory:

Hand Weapons
 a - a +2 dagger (weapon)
Missiles
 d - 9 poisoned darts (quivered)
 e - 3 curare-tipped darts
Armour
 b - a +0 robe (worn)
 c - a +0 cloak (worn)
Jewellery
 n - a ring of protection from fire
Scrolls
 g - a scroll of enchant armour {unknown}
 j - a scroll of teleportation {unknown}
 k - a scroll of magic mapping {unknown}
 l - a scroll of identify {unknown}
 o - a scroll of poison {unknown}
Potions
 f - a potion of curing {unknown}
 h - 3 potions of lignification {unknown}
 i - 3 potions of resistance {unknown}
 m - a potion of might {unknown}


   Skills:
 + Level 2.5 Fighting
 + Level 2.8 Short Blades
 + Level 2.2 Throwing
 + Level 2.0 Dodging
 + Level 4.5 Stealth


You had one spell level left.
You didn't know any spells.
Your spell library was empty.

Dungeon Overview and Level Annotations

Branches:
Dungeon (1/15)

Altars:


Innate Abilities, Weirdness & Mutations

((You are very nimble when in or above water. (Stealth+, EV+, Speed+++)))
Your lower body shifts to a powerful aquatic tail in water.


Message History

A bat comes into view.
The bat hits you. The bat closely misses you.
The bat hits you but does no damage.
You hit the bat.
You kill the bat!
n - a ring of protection from fire A hobgoblin comes into view.
The hobgoblin closely misses you.
You hit the hobgoblin.
The hobgoblin is severely wounded.
The hobgoblin hits you.
You hit the hobgoblin.
You kill the hobgoblin!
You now have 24 gold pieces (gained 5).
You open the door.
A frilled lizard comes into view.
There is an open door here.
The frilled lizard closely misses you.
You miss the frilled lizard. The frilled lizard barely misses you.
You closely miss the frilled lizard. The frilled lizard misses you.
You hit the frilled lizard.
The frilled lizard is heavily wounded.
The frilled lizard bites you but does no damage.
You hit the frilled lizard.
You kill the frilled lizard!
You open the door.
There is an open door here.
h - 3 glowing purple potions (gained 2)
o - a scroll labelled QOIGRU KOKOMM You open the door.
There is an open door here.
A giant cockroach comes into view.
The helpless giant cockroach fails to defend itself.
You impale the giant cockroach!!
You kill the giant cockroach!
Your Dodging skill increases to level 2!
A kobold comes into view. It is wielding a +0 whip.
You see here a giant cockroach corpse.
Are you sure you want to abandon this character and quit the game? (Confirm with "yes".)

#.# #.#####.# #. #
#.#####.######. #
#.#.##........... #
#.###.#.##.#...######
#.# .#.....##......#
.. .. #........##
#.#K #.....#.##
#...###.##.####
#.@...#### #######


You could see a kobold (asleep).

Vanquished Creatures
  A dart slug (D:1)
  3 endoplasms (D:1)
  A giant cockroach (D:1)
  3 goblins (D:1)
  A hobgoblin (D:1)
  A kobold (D:1)
  A quokka (D:1)
  A bat (D:1)
  2 frilled lizards (D:1)
  A rat (D:1)
15 creatures vanquished.

Notes
Turn   | Place    | Note
-------+----------+-------------------------------------------
     0 | D:1      | voltaire321 the Merfolk Brigand began the quest for the
                  | Orb.
     0 | D:1      | Reached XP level 1. HP: 16/16 MP: 1/1
    80 | D:1      | Reached XP level 2. HP: 20/23 MP: 2/2
   574 | D:1      | Quit the game

Illustrated notes

Levels and vault maps discovered:
D:1:      minmay_arrival_stone_box, layout_loops_corners

Skill      XL: |  1  2 |
---------------+-------+-----
Dodging        | 2 |  2.0
Fighting       | |  2.5
Short Blades   | |  2.8
Throwing       | |  2.2
Stealth        | |  4.5

Action                     || total
---------------------------++-------
  Melee: Dagger            ||    31
   Stab: Sleeping          ||     6
 Armour: Robe              ||     4
  Dodge: Dodged            ||    16

Table legend: (Time is in decaauts)
 A = Elapsed time spent in this place.
 B = Non-inter-level travel time spent in this place.
 C = Inter-level travel time spent in this place.
 D = Time resting spent in this place.
 E = Time spent auto-exploring this place.
 F = Levels seen in this place.
 G = Mean time per level.
                   A        B        C        D        E       F      G
               +--------+--------+--------+--------+--------+-----+--------+
         Total |    570 |    570 |      0 |      0 |    439 |   1 |  570.0 |
       Dungeon |    570 |    570 |      0 |      0 |    439 |   1 |  570.0 |
               +--------+--------+--------+--------+--------+-----+--------+

Top non-repeatable levels by time:
     D:1: 570 daAuts
